 Dungeon Crawl Stone Soup version 0.31.0-11-ge490571c62 (webtiles) character file.

Game seed: 5013234847191676471

406 qw the Shooter (level 6, -4/30 HPs)
             Began as a Spriggan Hunter on Feb 4, 2024.
             Incinerated by a bombardier beetle (6 damage)
             ... with a burning spray
             ... on level 4 of the Dungeon.
             The game lasted 00:00:18 (2637 turns).

qw the Shooter (Spriggan Hunter)                    Turns: 2637, Time: 00:00:19

Health: -4/30      AC:  2    Str:  7    XL:     6   Next: 56%
Magic:  7/7        EV: 21    Int: 11    God:
Gold:   270        SH:  0    Dex: 20    Spells: 5/5 levels left

rFire   . . .        a - +1 shortbow (elec)
rCold   . . .        (shield currently unavailable)
rNeg    + . .        c - +0 robe
rPois   .            (helmet restricted)
rElec   .            (no cloak)
rCorr   .            (gloves unavailable)
SInv    +            (boots unavailable)
Will    +....        (no amulet)
Stlth   +            g - ring of positive energy
HPRegen 0.25/turn    (no ring)
MPRegen 0.10/turn

%: no passive effects
@: on fire, glowing, very quick
A: very small, no large weapons, unfitting armour, see invisible, speed 3
a: no special abilities


You were on level 4 of the Dungeon.
You visited 1 branch of the dungeon, and saw 4 of its levels.

You collected 270 gold pieces.


Innate Abilities, Weirdness & Mutations

You are very small and have problems with some larger weapons.
You are too small for most types of armour.
You have supernaturally acute eyesight. (SInv)
You cover ground extremely quickly. (Speed+++)


   Skills:
 - Level 2.0 Fighting
 + Level 6.5 Ranged Weapons
 - Level 6.2 Dodging
 - Level 1.5 Stealth


You had 5 spell levels left.
You didn't know any spells.
Your spell library was empty.

Inventory:

Hand Weapons
 a - a +1 shortbow of electrocution (weapon)
Armour
 c - a +0 robe (worn)
Jewellery
 g - a ring of positive energy (left hand)
 h - a +6 ring of strength
Scrolls
 f - a scroll of revelation {unknown}
 i - a scroll of teleportation {unknown}
Potions
 b - a potion of curing {unknown}
 d - 3 potions of heal wounds
 e - a potion of enlightenment

Dungeon Overview and Level Annotations

Branches:
Dungeon (4/15)
 Temple: D:4-7

Altars:
Fedhas


Message History

An orc comes into view. It is wielding a +0 dagger.
Found a scroll labelled XOVUSUOROE.
You shoot an arrow. The arrow completely misses the orc.
The orc shouts!
You shoot an arrow. The arrow hits the orc!
You kill the orc!
i - a scroll labelled XOVUSUOROE
Found a stone staircase leading down.
You see here a +0 dagger.
Found a stone staircase leading down.
You now have 270 gold pieces (gained 6).
A bombardier beetle comes into view.
You shoot an arrow. The arrow hits the bombardier beetle!
The bombardier beetle is heavily wounded.
The bombardier beetle sprays incendiary fluid at you.
The burning spray hits you.
You are covered in liquid fire!
You shoot an arrow. The arrow hits the bombardier beetle.
The bombardier beetle is almost dead.
The liquid fire burns you!
You shoot an arrow.
The arrow barely misses the bombardier beetle.
The liquid fire burns you!
You shoot an arrow.
The arrow barely misses the bombardier beetle.
The liquid fire burns you!
You shoot an arrow.
The arrow barely misses the bombardier beetle.
The liquid fire burns you!
You shoot an arrow. The arrow hits the bombardier beetle.
Lightning courses through the bombardier beetle!
You kill the bombardier beetle!
The liquid fire burns you!
You are on fire!
The liquid fire burns you!
You are on fire!
The liquid fire burns you!
You are on fire!
The liquid fire burns you!
You die...

..... ##. #..#. #
#.. #...## ## #.##
##...###. #..##
##....##.. #...
#......... #..
#....... #.#
###..... #@#
##..###. #.##
#...#### #..######
#..##..#
##^.....###....[..
#####..#.........
#...........#
##.....#....#
#.....###...
#..#...####.


There were no monsters in sight!

Vanquished Creatures
  A black bear (D:4)
  Blork the orc (D:4)
  A bombardier beetle (D:4)
  Jessica (D:2)
  Terence (D:2)
  2 orc wizards (D:4)
  3 adders
  A dart slug (D:3)
  2 ribbon worms (D:3)
  7 orcs
  2 endoplasms
  A giant cockroach (D:1)
  12 goblins
  12 hobgoblins
  2 jackals (D:2)
  5 quokkas
  5 ball pythons
  4 bats
  6 frilled lizards
  4 kobolds
  4 rats
77 creatures vanquished.

Notes
Turn   | Place    | Note
-------+----------+-------------------------------------------
     0 | D:1      | qw the Spriggan Hunter began the quest for the Orb.
     0 | D:1      | Reached XP level 1. HP: 10/10 MP: 2/2
     0 | D:1      | 0 ||| qw: Version: 0.3-a-160-g6735b56
     0 | D:1      | 0 ||| qw: Game counter: 5686
     0 | D:1      | 0 ||| qw: Melee chars always use a shield: true
     0 | D:1      | 0 ||| qw: God list: Okawaru
     0 | D:1      | 0 ||| qw: Allow faded altars: false
     0 | D:1      | 0 ||| qw: Do Orc after clearing Dungeon:15 true
     0 | D:1      | 0 ||| qw: Do second Lair branch before Depths: true
     0 | D:1      | 0 ||| qw: Lair rune preference: random
     0 | D:1      | 0 ||| qw: Goals: Normal
     0 | D:1      | 0 ||| PLANNING D:1-11
    14 | D:1      | Reached skill level 3 in Dodging
    77 | D:1      | Reached XP level 2. HP: 13/14 MP: 3/3
   421 | D:1      | 421 ||| READING scroll labelled REESEO GOLE.
   421 | D:1      | 421 ||| ENCHANTING +0 shortbow.
   422 | D:1      | 422 ||| READING scroll labelled IROOWNE TUQO.
   523 | D:1      | 523 ||| READING scroll labelled AZETY SEOGIC.
   524 | D:1      | 524 ||| READING 3 scrolls labelled SASSOJIBBY.
   524 | D:1      | 524 ||| IDENTIFYING yellow potion
   525 | D:1      | 525 ||| DROPPING scroll of butterflies.
   526 | D:1      | 526 ||| DROPPING potion of brilliance.
   557 | D:2      | Noticed Jessica
   561 | D:2      | Killed Jessica
   562 | D:2      | Reached XP level 3. HP: 18/18 MP: 4/4
   604 | D:2      | Noticed Terence
   615 | D:2      | Killed Terence
   616 | D:2      | Reached XP level 4. HP: 13/22 MP: 5/5
  1127 | D:2      | 1127 ||| FLEEEEING.
  1129 | D:2      | 1129 ||| FLEEEEING.
  1130 | D:2      | 1130 ||| FLEEEEING.
  1131 | D:2      | 1131 ||| FLEEEEING.
  1132 | D:2      | 1132 ||| FLEEEEING.
  1133 | D:2      | 1133 ||| FLEEEEING.
  1134 | D:2      | 1134 ||| FLEEEEING.
  1135 | D:2      | 1135 ||| FLEEEEING.
  1217 | D:2      | Found a faded altar of an unknown god.
  1538 | D:2      | 1538 ||| UPGRADING to ring of positive energy.
  1539 | D:2      | 1539 ||| READING 3 scrolls of identify.
  1539 | D:2      | 1539 ||| IDENTIFYING inky potion
  1540 | D:2      | 1540 ||| READING 2 scrolls of identify.
  1540 | D:2      | 1540 ||| IDENTIFYING lumpy puce potion
  1541 | D:2      | 1541 ||| READING scroll of identify.
  1541 | D:2      | 1541 ||| IDENTIFYING scroll labelled DYCRED LUJAIC
  1542 | D:2      | 1542 ||| READING scroll labelled LISKES VYINI.
  1543 | D:2      | 1543 ||| DROPPING scroll of immolation.
  2030 | D:3      | Reached XP level 5. HP: 26/26 MP: 6/6
  2257 | D:3      | 2257 ||| READING scroll of identify.
  2257 | D:3      | 2257 ||| IDENTIFYING scroll labelled JIYTHR GUTSOCAF
  2258 | D:3      | 2258 ||| READING scroll of brand weapon.
  2258 | D:3      | 2258 ||| BRANDING +1 shortbow.
  2284 | D:4      | Found a blossoming altar of Fedhas.
  2393 | D:4      | Noticed Blork the orc
  2396 | D:4      | Killed Blork the orc
  2397 | D:4      | Reached skill level 6 in Ranged Weapons
  2497 | D:4      | Noticed a black bear
  2504 | D:4      | Killed a black bear
  2505 | D:4      | Reached skill level 6 in Dodging
  2505 | D:4      | Reached XP level 6. HP: 27/30 MP: 7/7
  2505 | D:4      | 2505 ||| FLEEEEING.
  2635 | D:4      | HP: 6/30 [burnt (3)]
  2636 | D:4      | HP: 2/30 [burnt (4)]
  2637 | D:4      | Incinerated by a bombardier beetle

Levels and vault maps discovered:
D:1:      mainiacjoe_arrival_oval_in_oval, layout_rooms
D:2:      minmay_spotlight, layout_basic, chequers_ecumenical_altar_lobes,
          dreamdust_princess_bridge, amcnicky_mini_corridor_feature,
          uniq_terence, uniq_jessica
D:3:      layout_basic
D:4:      layout_cave_pools, nemelex_diamond_rough_becter, lemuel_crystal_altar,
          uniq_blork_the_orc

Skill      XL: |  1  2  3  4  5 |
---------------+----------------+-----
Dodging        | 3 4 5 6 |  6.2
Ranged Weapons | 5 6 |  6.5
Fighting       | 2 |  2.0
Stealth        | |  1.5

Action                     |  1- 3 |  4- 6 || total
---------------------------+-------+-------++-------
   Fire: Shortbow          |    55 |   159 ||   214
    Use: Scroll            |     4 |     6 ||    10
 Armour: Robe              |     4 |    11 ||    15
  Dodge: Dodged            |     8 |    29 ||    37

Table legend:
 A = Non-vault XP
 B = Vault XP
 C = Vault XP percentage of total XP
 D = Non-vault monster count
 E = Vault monster count
 F = Vault count percentage of total count
                 A         B        C        D         E       F
            +---------+---------+-------+---------+---------+-------
      Total |     407 |     174 |  29.9 |      70 |       7 |   9.1
            +---------+---------+-------+---------+---------+-------
        D:1 |      29 |       0 |   0.0 |      19 |       0 |   0.0
        D:2 |      46 |      78 |  62.9 |      12 |       6 |  33.3
        D:3 |      63 |       0 |   0.0 |      24 |       0 |   0.0
        D:4 |     269 |      96 |  26.3 |      15 |       1 |   6.2
            +---------+---------+-------+---------+---------+-------
